 Dungeon Crawl Stone Soup version 0.31-a0-844-gdc52ec4e09 (webtiles) character file.

Game seed: 11094111592601562123

577 randomguy2701 the Shooter (level 7, -4/135 HPs)
             Began as a Gnoll Wanderer on Sept 28, 2023.
             Was an Initiate of Gozag.
             Slain by a killer bee (6 damage)
             ... on level 5 of the Dungeon.
             The game lasted 00:04:28 (3440 turns).

randomguy2701 the Shooter (Gnoll Wanderer)          Turns: 3440, Time: 00:04:29

Health: -4/135     AC: 23    Str:  7 (10) XL:     7   Next: 35%
Magic:  10/10      EV:  2    Int:  8 (9)  God:    Gozag
Gold:   479        SH:  5    Dex: 16 (17) Spells: 11/11 levels left

rFire   . . .        b - +0 falchion
rCold   . . .        (no shield)
rNeg    . . .        e - melded +0 leather armour
rPois   +            u - melded +0 helmet
rElec   .            (cloak currently unavailable)
rCorr   .            (gloves currently unavailable)
SInv    .            c - melded +0 pair of boots
Will    +....        m - amulet of reflection Stlth
                     p - ring of willpower
HPRegen 0.42/turn    (no ring)
MPRegen 0.12/turn

%: reflection
@: berserking (expiring), lethally poisoned (-4 -> -7), tree-form (expiring),
gold aura, attractive, very quick
A: stationary, stasis, torment immunity, boosted hp, (fangs 1), strong nose,
distributed training
a: Renounce Religion, Potion Petition, Call Merchant, Bribe Branch


You were on level 5 of the Dungeon.
You worshipped Gozag.
Gozag was aware of your devotion.
You were a tree.
You visited 1 branch of the dungeon, and saw 5 of its levels.

You collected 514 gold pieces.
You paid 35 gold pieces to Gozag.

Inventory:

Hand Weapons
 a - a +2 sling
 b - a +0 falchion (weapon)
Armour
 c - a +0 pair of boots (melded)
 e - a +0 leather armour (melded)
 u - a +0 helmet (melded)
Jewellery
 m - an amulet of reflection (around neck)
 p - a ring of willpower (left branch)
Wands
 q - a wand of flame (11)
Scrolls
 f - a scroll of teleportation
 j - a scroll of fog {unknown}
 k - a scroll of enchant armour {unknown}
 l - a scroll of blinking {unknown}
 o - a scroll of amnesia {unknown}
 s - a scroll of identify {unknown}
 t - a scroll of enchant weapon {unknown}
Potions
 d - a potion of invisibility
 g - 2 potions of degeneration
 h - a potion of heal wounds
 i - 3 potions of attraction
 v - a potion of magic {unknown}
 w - a potion of might {unknown}


   Skills:
 + Level 7.0 Fighting
 + Level 2.5 Short Blades
 + Level 3.6 Long Blades
 + Level 2.5 Axes
 + Level 2.5 Maces & Flails
 + Level 2.5 Polearms
 + Level 2.5 Staves
 + Level 7.0 Ranged Weapons
 + Level 2.5 Throwing
 + Level 3.6 Armour
 + Level 5.2 Dodging
 + Level 2.5 Stealth
 + Level 2.5 Shields
 + Level 2.5 Unarmed Combat
 + Level 2.5 Spellcasting
 + Level 2.0 Conjurations
 + Level 2.0 Hexes
 + Level 2.0 Summonings
 + Level 2.0 Necromancy
 + Level 2.0 Translocations
 + Level 2.0 Transmutations
 + Level 2.0 Fire Magic
 + Level 2.0 Ice Magic
 + Level 2.0 Air Magic
 + Level 2.0 Earth Magic
 + Level 2.0 Poison Magic
 + Level 2.7 Invocations
 + Level 2.5 Evocations
 + Level 2.2 Shapeshifting


You had 11 spell levels left.
You didn't know any spells.
Your spell library contained the following spells:

 Spells                   Type           Power      Damage    Failure   Level
 Summon Small Mammal      Summ           16%        N/A       14%         1
 Call Canine Familiar     Summ           4%         N/A       41%         3
 Summon Guardian Golem    Hex/Summ       4%         N/A       41%         3
 Volatile Blastmotes      Fire/Tloc      8%         2d10      41%         3
 Fulminant Prism          Conj/Hex       2%         3d5       82%         4
 Iskenderun's Mystic Bla  Conj/Tloc      4%         2d3       82%         4
 Vhi's Electric Charge    Tloc/Air       8%         N/A       82%         4
 Arcjolt                  Conj/Air       2%         1d12      99%         5
 Maxwell's Capacitive Co  Air            2%         ∞         100%        8


Dungeon Overview and Level Annotations

Branches:
Dungeon (5/15)             Temple (0/1) D:4

Altars:
Gozag
The Shining One

Shops:
D:2 !

Annotations:
D:5 2 runed translucent doors, Crazy Yiuf


Innate Abilities, Weirdness & Mutations

You are a tree.
Your roots penetrate the ground, keeping you stationary.
You cannot be teleported.
You are immune to unholy pain and torment.
Your maximum health is greatly increased.
Your equipment is partially melded.
((You have very sharp teeth.))
Your uncanny sense of smell can sniff out nearby items.
Your experience applies equally to all skills.


Message History

The killer bee is almost dead.
You feel sick.
The killer bee stings you but does no damage. x5
Unknown command.
You slash the killer bee!
You kill the killer bee!
The killer bee stings you.
* * * LOW HITPOINT WARNING * * *
The killer bee stings you but does no damage.
You block the killer bee's attack.
Unknown command.
You completely miss the killer bee.
You feel sick.
You are no longer poisoned.
The killer bee stings you but does no damage. x2
The killer bee completely misses you. The killer bee stings you.
* * * LOW HITPOINT WARNING * * *
You are poisoned.
The killer bee poisons you!
You barely miss the killer bee.
Your transformation is almost over.
You feel sick.
The centaur is no longer distracted by gold.
The killer bee stings you but does no damage. x2
The killer bee stings you!
* * * LOW HITPOINT WARNING * * *
The killer bee is distracted by your dazzling golden aura.
Unknown command.
You are too berserk!
You are too berserk!
You miss the killer bee.
* * * LOW HITPOINT WARNING * * *
You feel sick.
The killer bee stings you but does no damage. x3
Unknown command.
You hit the killer bee.
The killer bee is moderately wounded.
* * * LOW HITPOINT WARNING * * *
You feel sick. The killer bee stings you.
You die...
Your body crumbles into a pile of gold.

##################
#.........#....>.#
#.........#......#
#....##..##..##<.#
#######...##..######..# ###
##....##..$#....#...#..# ..##
#.....##.y♣##...#...#..# ...#
#.....####y##..##..##..# ...#
#......#.yc##..##..##..# ...#
#......#.........)..#..#
#..#####....##............#..#
...#..##....##.....y.....))..#
......)'.........##..##..##..#
.......#....#######..######..#
......##....##...##..y...##+##


You could see a centaur and 3 killer bees.

Vanquished Creatures
  An ice beast (D:5)
  2 killer bees (D:5)
  2 jellies
  3 iguanas
  2 orc wizards
  Robin (D:4)
  3 gnolls (D:3)
  4 adders
  A worm (D:4)
  4 dart slugs
  5 orcs
  8 ball pythons
  7 bats
  9 endoplasms
  4 giant cockroaches
  12 goblins
  10 hobgoblins
  15 jackals
  4 quokkas
  7 kobolds
  7 rats
111 creatures vanquished.

Notes
Turn   | Place    | Note
-------+----------+-------------------------------------------
     0 | D:1      | randomguy2701 the Gnoll Wanderer began the quest for the
                  | Orb.
     0 | D:1      | randomguy2701 set off with the following items: a +2 sling,
                  | a +0 falchion, a +0 pair of boots, a potion of
                  | invisibility, a +0 leather armour.
     0 | D:1      | Reached XP level 1. HP: 23/23 MP: 1/1
    82 | D:1      | Reached XP level 2. HP: 29/29 MP: 2/2
   228 | D:1      | Reached XP level 3. HP: 35/35 MP: 3/3
   309 | D:1      | Reached skill level 1 in Invocations
   406 | D:1      | Reached skill level 1 in Short Blades
   406 | D:1      | Reached skill level 1 in Axes
   406 | D:1      | Reached skill level 1 in Maces & Flails
   406 | D:1      | Reached skill level 1 in Polearms
   406 | D:1      | Reached skill level 1 in Staves
   406 | D:1      | Reached skill level 1 in Throwing
   406 | D:1      | Reached skill level 1 in Stealth
   406 | D:1      | Reached skill level 1 in Shields
   406 | D:1      | Reached skill level 1 in Unarmed Combat
   406 | D:1      | Reached skill level 1 in Spellcasting
   406 | D:1      | Reached skill level 1 in Evocations
   765 | D:2      | Reached XP level 4. HP: 41/41 MP: 5/5
   795 | D:2      | Reached skill level 1 in Shapeshifting
  1014 | D:2      | Reached skill level 1 in Conjurations
  1014 | D:2      | Reached skill level 1 in Hexes
  1014 | D:2      | Reached skill level 1 in Summonings
  1014 | D:2      | Reached skill level 1 in Necromancy
  1014 | D:2      | Reached skill level 1 in Translocations
  1014 | D:2      | Reached skill level 1 in Transmutations
  1014 | D:2      | Reached skill level 1 in Fire Magic
  1014 | D:2      | Reached skill level 1 in Ice Magic
  1014 | D:2      | Reached skill level 1 in Air Magic
  1014 | D:2      | Reached skill level 1 in Earth Magic
  1014 | D:2      | Reached skill level 1 in Poison Magic
  1105 | D:2      | Found Moteozid's Distillery.
  1425 | D:3      | Found an opulent altar of Gozag.
  1477 | D:3      | Reached XP level 5. HP: 25/47 MP: 5/7
  1504 | D:3      | Became a worshipper of Gozag Ym Sagoz the Greedy
  1911 | D:3      | Found a glowing golden altar of the Shining One.
  2088 | D:4      | Found a staircase to the Ecumenical Temple.
  2452 | D:4      | Reached XP level 6. HP: 44/53 MP: 8/8
  2645 | D:4      | Reached skill level 5 in Dodging
  2798 | D:4      | Noticed Robin
  2816 | D:4      | Killed Robin
  2992 | D:5      | Entered Level 5 of the Dungeon
  3070 | D:5      | Noticed an ice beast
  3087 | D:5      | Killed an ice beast
  3164 | D:5      | Reached XP level 7. HP: 59/59 MP: 10/10
  3211 | D:5      | Found a runed translucent door.
  3212 | D:5      | Noticed Crazy Yiuf
  3291 | D:5      | Found a runed translucent door.
  3291 | D:5      | Noticed a troll
  3438 | D:5      | HP: 4/135 [killer bee (7)]
  3440 | D:5      | Slain by a killer bee

Illustrated notes

Levels and vault maps discovered:
D:1:      reono_arrival_forest_river, layout_rooms, minmay_misc_feat_room
D:2:      layout_loops_ring, serial_shops, nicolae_shop_back_alley_shop
D:3:      layout_loops_ring, mainiacjoe_overflow_cross_hatched,
          mainiacjoe_overflow_tiny_flanked
D:4:      layout_loops_ring, minmay_temple_entry_sparse_star, uniq_robin
D:5:      layout_gridville, ebering_ghost_inner_flame, uniq_grinder,
          uniq_blork_the_orc, uniq_crazy_yiuf_cottage

Skill      XL: |  1  2  3  4  5  6  7 |
---------------+----------------------+-----
Invocations    | 1 2 |  2.7
Short Blades   | 1 2 |  2.5
Axes           | 1 2 |  2.5
Maces & Flails | 1 2 |  2.5
Polearms       | 1 2 |  2.5
Staves         | 1 2 |  2.5
Throwing       | 1 2 |  2.5
Stealth        | 1 2 |  2.5
Shields        | 1 2 |  2.5
Unarmed Combat | 1 2 |  2.5
Spellcasting   | 1 2 |  2.5
Evocations     | 1 2 |  2.5
Shapeshifting  | 1 2 |  2.2
Conjurations   | 1 2 |  2.0
Hexes          | 1 2 |  2.0
Summonings     | 1 2 |  2.0
Necromancy     | 1 2 |  2.0
Translocations | 1 2 |  2.0
Transmutations | 1 2 |  2.0
Fire Magic     | 1 2 |  2.0
Ice Magic      | 1 2 |  2.0
Air Magic      | 1 2 |  2.0
Earth Magic    | 1 2 |  2.0
Poison Magic   | 1 2 |  2.0
Long Blades    | 3 |  3.6
Armour         | 3 |  3.6
Dodging        | 5 |  5.2
Fighting       | 7 |  7.0
Ranged Weapons | 7 |  7.0

Action                     |  1- 3 |  4- 6 |  7- 9 || total
---------------------------+-------+-------+-------++-------
  Melee: Falchion          |       |       |    12 ||    12
   Fire: Sling             |   118 |   226 |    25 ||   369
    Use: Scroll            |       |     1 |     1 ||     2
         Potion            |       |       |     5 ||     5
 Armour: Leather armour    |    45 |    41 |    18 ||   104
         Skin              |       |       |    39 ||    39
  Dodge: Dodged            |    69 |    75 |    22 ||   166
  Block: Other             |       |     3 |    14 ||    17

Table legend: (Time is in decaauts)
 A = Elapsed time spent in this place.
 B = Non-inter-level travel time spent in this place.
 C = Inter-level travel time spent in this place.
 D = Time resting spent in this place.
 E = Time spent auto-exploring this place.
 F = Levels seen in this place.
 G = Mean time per level.
                   A        B        C        D        E       F      G
               +--------+--------+--------+--------+--------+-----+--------+
         Total |   3490 |   3317 |    173 |      0 |   2702 |   5 |  698.0 |
       Dungeon |   3490 |   3317 |    173 |      0 |   2702 |   5 |  698.0 |
               +--------+--------+--------+--------+--------+-----+--------+

Top non-repeatable levels by time:
     D:4: 991 daAuts
     D:2: 723 daAuts
     D:3: 673 daAuts
     D:1: 653 daAuts
     D:5: 450 daAuts
